 Dungeon Crawl Stone Soup version 0.31-a0-844-gdc52ec4e09 (webtiles) character file.

Game seed: 14914846404323358793

346 pop123321pop the Poker (level 6, 0/51 HPs)
             Began as a Draconian Berserker on Sept 30, 2023.
             Was a Believer of Trog.
             Succumbed to a kobold's poison
             ... on level 4 of the Dungeon.
             The game lasted 00:02:21 (2435 turns).

pop123321pop the Poker (Draconian Berserker)        Turns: 2435, Time: 00:02:22

Health: 0/51       AC:  6    Str: 20    XL:     6   Next: 32%
Magic:  6/6        EV: 12    Int:  7    God:    Trog [**....]
Gold:   95         SH:  0    Dex: 12    Spells: 5/5 levels left

rFire   . . .        m - +0 spear (venom)
rCold   . . .        (no shield)
rNeg    . . .        (body armour unavailable)
rPois   .            (helmet restricted)
rElec   .            (no cloak)
rCorr   .            (no gloves)
SInv    .            (no boots)
Will    .....        (no amulet)
Stlth   +            (no ring)
HPRegen 0.28/turn    (no ring)
MPRegen 0.10/turn

%: no passive effects
@: lethally poisoned (0 -> -8), on berserk cooldown, slowed, very slow
A: AC +6, unfitting armour, cold-blooded
a: Renounce Religion, Berserk, Trog's Hand


You were on level 4 of the Dungeon.
You worshipped Trog.
Trog was pleased with you.
You visited 1 branch of the dungeon, and saw 4 of its levels.

You collected 95 gold pieces.

Inventory:

Hand Weapons
 m - a +0 spear of venom (weapon)
Jewellery
 c - a ring of fire
 j - an amulet of regeneration
 t - an amulet of magic regeneration
Scrolls
 b - a scroll of fog {unknown}
 d - a scroll of vulnerability {unknown}
 g - 7 scrolls of teleportation {unknown}
 n - a scroll of enchant weapon {unknown}
 o - a scroll of revelation {unknown}
 p - 2 scrolls of noise {unknown}
 q - a scroll of immolation {unknown}
 r - 3 scrolls of torment {unknown}
Potions
 a - a potion of might {unknown}
 e - a potion of degeneration {unknown}
 f - 3 potions of enlightenment {unknown}
 h - 4 potions of curing {unknown}
 i - a potion of resistance {unknown}
 k - 4 potions of heal wounds {unknown}
 l - 3 potions of attraction {unknown}
 s - 2 potions of invisibility {unknown}


   Skills:
 - Level 3.2 Fighting
 + Level 7.2 Polearms
 - Level 2.6 Dodging


You had 5 spell levels left.
You didn't know any spells.
Your spell library was empty.

Dungeon Overview and Level Annotations

Branches:
Dungeon (4/15)             Temple (0/1) D:4

Altars:
Elyvilon
Makhleb


Innate Abilities, Weirdness & Mutations

Your plain brown scales are hard. (AC +6)
You cannot fit into any form of body armour.
You are cold-blooded and may be slowed by cold attacks.


Message History

You feel yourself moving faster!
You feel mighty!
You feel very sick.
The kobold hits you with a +2 short sword of venom.
You are lethally poisoned!
The iguana closely misses you.
You completely miss the iguana.
The iguana is heavily wounded.
You feel very sick. The iguana bites you.
* * * LOW HITPOINT WARNING * * *
The kobold hits you but does no damage.
You puncture the iguana!
You kill the iguana!
Trog accepts your kill.
* * * LOW HITPOINT WARNING * * *
You feel very sick.
* * * LOW HITPOINT WARNING * * *
You feel very sick.
You hit the kobold.
You kill the kobold!
Trog accepts your kill.
* * * LOW HITPOINT WARNING * * *
You feel very sick.
* * * LOW HITPOINT WARNING * * *
You feel sick.
Items here: ( ) †††.
You feel a strong urge to attack something.
* * * LOW HITPOINT WARNING * * *
You feel very sick.
You see here +0 steam dragon scales.
There is a lethal amount of poison in your body!
* * * LOW HITPOINT WARNING * * *
You feel sick.
Items here: ( ) †††.
You feel your anger nearly subside.
You are no longer berserk.
You are exhausted.
You feel yourself slow down.
* * * LOW HITPOINT WARNING * * *
You feel sick.
You die...

### ##≈≈ ##..#.#
#§§≈##...#.#
§§##...[#.# ≈
##.....#.#
≈≈##..$...#.#
≈##.......#.#######
##........#.......#
#......[@.#..####.#
########''#<.# #.#
#...#..# #.#
#..##..####.##
#..##........#
#..###.####..# #..# #.#
#..# .########..#
#.####..#
...........###.##...###


There were no monsters in sight!

Vanquished Creatures
  An ogre (D:4)
  A scorpion (D:4)
  3 iguanas (D:4)
  A sleepcap (D:4)
  2 adders (D:2)
  3 gnolls (D:4)
  2 dart slugs (D:3)
  A bat (D:1)
  4 endoplasms
  8 goblins
  7 hobgoblins
  8 ball pythons
  6 frilled lizards
  4 kobolds
  3 rats
54 creatures vanquished.

Notes
Turn   | Place    | Note
-------+----------+-------------------------------------------
     0 | D:1      | pop123321pop the Draconian Berserker began the quest for
                  | the Orb.
     0 | D:1      | Reached XP level 1. HP: 19/19 MP: 1/1
   298 | D:1      | Reached XP level 2. HP: 19/26 MP: 2/2
   606 | D:2      | Reached skill level 4 in Polearms
   606 | D:2      | Reached XP level 3. HP: 26/31 MP: 3/3
   877 | D:2      | Identified the +8 dagger of Myts {freeze, rElec}
   921 | D:2      | Reached ** piety under Trog
  1526 | D:3      | Found a burning altar of Makhleb.
  1526 | D:3      | Noticed a balrug
  1529 | D:3      | Noticed an orange demon
  1529 | D:3      | Noticed an orange demon
  2071 | D:4      | Reached skill level 5 in Polearms
  2071 | D:4      | Reached XP level 4. HP: 24/38 MP: 4/4
  2209 | D:4      | Found a staircase to the Ecumenical Temple.
  2216 | D:4      | Noticed an ogre
  2232 | D:4      | Killed an ogre
  2233 | D:4      | Reached skill level 6 in Polearms
  2233 | D:4      | Reached XP level 5. HP: 23/45 MP: 5/5
  2337 | D:4      | Found a white marble altar of Elyvilon.
  2420 | D:4      | Reached XP level 6. HP: 41/51 MP: 6/6
  2424 | D:4      | Reached skill level 7 in Polearms
  2435 | D:4      | Succumbed to a kobold's poison

Illustrated notes

Levels and vault maps discovered:
D:1:      spicycebolla_arrival_clurvy, layout_basic, minmay_box_of_dots
D:2:      layout_loops_ring, nicolae_underground_beach
D:3:      layout_basic, makhleb_altar_promises_db
D:4:      layout_loops_ring, kennysheep_mini, nicolae_elyvilon_temple_path,
          minmay_temple_entry_ruins, minmay_misc_feat_encased,
          kennysheep_opposing_triangles

Skill      XL: |  1  2  3  4  5  6 |
---------------+-------------------+-----
Polearms       | 4 5 6 7 |  7.2
Fighting       | |  3.2
Dodging        | |  2.6

Action                     |  1- 3 |  4- 6 || total
---------------------------+-------+-------++-------
  Melee: Spear             |   107 |    54 ||   161
         Tailslap          |    10 |     7 ||    17
         Punch             |     1 |       ||     1
 Invoke: Berserk           |       |     2 ||     2
   Stab: Sleeping          |     5 |       ||     5
 Armour: Skin              |    30 |    24 ||    54
  Dodge: Dodged            |    35 |    17 ||    52

Table legend: (Time is in decaauts)
 A = Elapsed time spent in this place.
 B = Non-inter-level travel time spent in this place.
 C = Inter-level travel time spent in this place.
 D = Time resting spent in this place.
 E = Time spent auto-exploring this place.
 F = Levels seen in this place.
 G = Mean time per level.
                   A        B        C        D        E       F      G
               +--------+--------+--------+--------+--------+-----+--------+
         Total |   2414 |   2346 |     68 |     72 |   1962 |   4 |  603.5 |
       Dungeon |   2414 |   2346 |     68 |     72 |   1962 |   4 |  603.5 |
               +--------+--------+--------+--------+--------+-----+--------+

Top non-repeatable levels by time:
     D:3: 723 daAuts
     D:2: 718 daAuts
     D:1: 565 daAuts
     D:4: 407 daAuts
